 Dungeon Crawl Stone Soup version 0.24.0-13-gcf9b319 (webtiles) character file.

Game seed: 15121506769593537805, levelgen mode: deterministic

114 SmokeWeed the Slasher (level 4, 0/37 HPs)
             Began as a Minotaur Gladiator on Mar 2, 2020.
             Slain by Sigmund
             ... wielding a +0 scythe
              (3 damage)
             ... on level 3 of the Dungeon.
             The game lasted 00:12:19 (2279 turns).

SmokeWeed the Slasher (Minotaur Gladiator)          Turns: 2279, Time: 00:12:20

Health: 0/37       AC: 11    Str: 20    XL:     4   Next: 66%
Magic:  3/3        EV:  9    Int:  5    God:
Gold:   120        SH:  0    Dex: 11    Spells: 3/3 levels left

rFire    . . .     SeeInvis .   a - +0 long sword
rCold    . . .     Gourm    .   (no shield)
rNeg     . . .     Faith    .   k - +0 chain mail
rPois    .         Spirit   .   c - +0 hat
rElec    .         Reflect  .   (no cloak)
rCorr    .         Harm     .   m - +0 pair of gloves
MR       .....                  j - +0 pair of boots
Stlth    ..........             (no amulet)
HPRegen  0.12/turn              (no ring)
MPRegen  0.08/turn              (no ring)

@: no status effects
A: retaliatory headbutt, horns 2
a: no special abilities


You were on level 3 of the Dungeon.
You were not hungry.

You visited 1 branch of the dungeon, and saw 3 of its levels.

You collected 120 gold pieces.

Inventory:

Hand Weapons
 a - a +0 long sword (weapon)
 o - a +3 dagger of holy wrath
Missiles
 g - 22 stones (quivered)
Armour
 c - a +0 hat (worn)
 j - a +0 pair of boots (worn)
 k - a +0 chain mail (worn)
 m - a +0 pair of gloves (worn)
Scrolls
 i - 2 scrolls of magic mapping
 l - a scroll of amnesia
 n - a scroll of remove curse
Potions
 b - a potion of heal wounds {unknown}
 h - a potion of curing
 p - a potion of haste {unknown}
 r - a potion of brilliance
Comestibles
 f - 7 rations


   Skills:
 * Level 2.6 Fighting
 + Level 4.5 Long Blades
 + Level 2.7 Throwing
 + Level 2.2 Armour
 * Level 4.2 Dodging
 * Level 0.1 Stealth


You had 3 spell levels left.
You didn't know any spells.
Your spell library was empty.

Dungeon Overview and Level Annotations

Branches:
Dungeon (3/15)

Altars:

Annotations:
D:3 Sigmund


Innate Abilities, Weirdness & Mutations

You reflexively headbutt those who attack you in melee.
You have a pair of horns on your head.


Message History

You hear some strange, mumbled words.
You are confused.
You hear some strange, mumbled words.
Something tries to affect you, but you resist.
You bump into the rock wall.
You hit the rat.
The rat is heavily wounded.
Something hits you.
* * * LOW HITPOINT WARNING * * *
The rat barely misses you.
You bump into the rock wall.
The rat bites you but does no damage. Something hits you but does no damage.
You bump into the rock wall.
The rat bites you but does no damage.
You bump into the rock wall.
Something hits you but does no damage. The rat bites you but does no damage.
You hit the rat.
You kill the rat!
You feel less confused. Something hits you.
You die...

*,* *,* *,* *,* *,* *,*
*,* *,* *,* *,****,* *,*
*,,,,*,* *,* ****,*,*
###**********,*
*****,*,*
#..,,,,,,,,,,,*
*,,,,,,,*
#.##########***
*,**,,.######[.†@...(..#
,,,,,,.....((..####.##.#
,,**,,.#######.####.##.#
,,**,,,** #............#
,,*,,,,,**#.#####......#
,<,,,,,,,*#.# #......#
,,,,,,,,,*#.# #.....>#
,,,,,,,,,*#.# #......#
,,*,,,,,,*#.#####......#


There were no monsters in sight!

Vanquished Creatures
  Robin (D:2)
  3 adders
  An ooze (D:2)
  A worm (D:2)
  3 dart slugs
  A leopard gecko (D:2)
  5 bats
  4 giant cockroaches
  14 goblins
  5 hobgoblins
  4 jackals (D:2)
  A ball python (D:2)
  6 frilled lizards
  7 kobolds
  4 rats
60 creatures vanquished.

Notes
Turn   | Place    | Note
-------+----------+-------------------------------------------
     0 | D:1      | SmokeWeed the Minotaur Gladiator began the quest for the
                  | Orb.
     0 | D:1      | Reached XP level 1. HP: 18/18 MP: 0/0
   126 | D:1      | Reached XP level 2. HP: 25/25 MP: 1/1
   952 | D:2      | Noticed Robin
   965 | D:2      | Killed Robin
   965 | D:2      | Reached XP level 3. HP: 7/30 MP: 2/2
  1057 | D:2      | Reached skill level 1 in Armour
  1438 | D:2      | Reached XP level 4. HP: 26/37 MP: 3/3
  2248 | D:3      | Noticed Sigmund
  2279 | D:3      | Slain by Sigmund

Levels and vault maps discovered:
D:1:      minmay_arrival_jagged, layout_basic
D:2:      layout_basic, first_ration, uniq_robin
D:3:      layout_loops_ring, uniq_sigmund

Skill      XL: |  1  2  3  4 |
---------------+-------------+-----
Long Blades    | 4 |  4.5
Dodging        | 4 |  4.2
Armour         | 1 2 |  2.2
Fighting       | |  2.6
Throwing       | |  2.7
Stealth        | |  0.1

Action                   |  1- 3 |  4- 6 || total
-------------------------+-------+-------++-------
Melee: Long sword        |    57 |    28 ||    85
       Headbutt          |    12 |     5 ||    17
Throw: Stone             |    54 |    60 ||   114
       Throwing net      |     1 |     2 ||     3
  Use: Potion            |     1 |       ||     1
       Scroll            |       |     4 ||     4
  Eat: Chunk             |     2 |     2 ||     4
Armor: Leather armour    |    14 |     6 ||    20
       Chain mail        |       |    15 ||    15
Dodge: Dodged            |    55 |    33 ||    88
       Rpst.: Long sword |    11 |     7 ||    18
